Map: Galactic Process LE

Players

Nerchio - Winner!

  • Race: Zerg Zerg
  • League: Master

ShoWTimE

  • Race: Protoss Protoss
  • League: Master

Event: DreamHack ZOWIE Open Valencia 2016

VOD

Have the link to the VOD?

Description

Time

  • Played on: July 16, 2016, 6:14 a.m.
  • Length: 9:27

All games in this series

Show
View Real Time Build Order
Export as new Build Order

Nerchio Zerg - Winner!

Build Orders: Hatch First, Lurkers 

Get SALT Encoding   

  12  0:00  Drone  
  13  0:12  Overlord  
  13  0:17  Drone  
  14  0:31  Drone x2  
  14  0:34  Drone  
  17  0:55  Drone  
  18  0:57  Hatchery  
  18  0:59  Drone  
  18  1:03  Extractor  
  17  1:14  Spawning Pool  
  17  1:17  Drone  
  17  1:20  Drone  
  18  1:28  Drone  
  19  1:39  Overlord  
  19  1:50  Drone  
  20  2:03  Metabolic Boost, Queen  
  20  2:05  Zergling x2  
  23  2:08  Queen  
  23  2:09  Drone  
  23  2:13  Drone  
  27  2:20  Drone  
  27  2:21  Drone  
  29  2:34  Zergling x2  
  30  2:38  Hatchery  
  30  2:40  Drone  
  30  2:44  Drone  
  30  2:47  Overlord  
  31  2:52  Zergling x2  
  31  2:58  Overlord  
  32  3:04  Drone  
  33  3:05  Drone  
  33  3:10  Drone x2  
  33  3:11  Drone  
  36  3:16  Drone x3  
  36  3:17  Drone x2  
  41  3:23  Queen  
  43  3:29  Queen  
  45  3:35  Overlord  
  45  3:36  Drone  
  45  3:37  Drone  
  47  3:42  Spore Crawler  
  47  3:44  Drone x3  
  47  3:46  Drone  
  50  3:50  Overlord  
  50  3:54  Drone x3  
  53  3:58  Queen  
  55  4:07  Lair  
  55  4:14  Drone x7  
  55  4:16  Overlord  
  61  4:19  Drone x2  
  61  4:22  Drone x2  
  62  4:24  Drone  
  62  4:25  Drone  
  62  4:29  Drone x2  
  66  4:34  Overlord  
  66  4:39  Drone x2, Extractor  
  66  4:40  Evolution Chamber, Extractor  
  65  4:47  Drone x4  
  69  4:54  Zergling x4  
  69  4:55  Zergling x4  
  69  4:56  Zergling x6  
  69  4:57  Zergling x4  
  78  5:02  Zergling x2  
  78  5:04  Drone  
  78  5:07  Zerg Melee Weapons Level 1  
  79  5:08  Drone  
  79  5:11  Hydralisk Den  
  79  5:12  Extractor  
  79  5:13  Extractor  
  79  5:14  Drone x4, Extractor  
  77  5:19  Drone x2  
  82  5:25  Drone x4  
  82  5:26  Spore Crawler  
  82  5:27  Drone  
  82  5:28  Hatchery  
  85  5:31  Overlord  
  85  5:36  Overlord  
  85  5:39  Overlord  
  85  5:41  Hydralisk  
  85  5:42  Hydralisk  
  89  5:46  Overlord  
  89  5:47  Overlord  
  86  5:55  Drone  
  86  5:56  Drone x4  
  91  6:00  Overlord  
  91  6:03  Hydralisk x3  
  96  6:05  Lurker Den  
  96  6:09  Hydralisk  
  96  6:10  Hydralisk x3  
  104  6:13  Hydralisk  
  104  6:16  Hydralisk  
  104  6:18  Hydralisk  
  106  6:20  Hydralisk  
  106  6:22  Hydralisk  
  111  6:26  Hydralisk  
  111  6:29  Zergling x4  
  111  6:30  Overlord  
  113  6:33  Overlord  
  113  6:36  Overlord  
  113  6:39  Overlord  
  111  6:40  Hydralisk  
  111  6:43  Extractor  
  111  6:45  Extractor  
  111  6:46  Hydralisk x3  
  116  6:47  Spine Crawler  
  116  6:52  Zergling x2  
  116  6:53  Zergling x8  
  120  6:55  Zergling x2  
  120  6:56  Zergling x4  
  120  6:58  Drone  
  120  7:00  Hydralisk  
  126  7:02  Hydralisk  
  126  7:04  Hydralisk  
  126  7:07  Drone  
  126  7:08  Drone x2  
  133  7:10  Drone x2  
  135  7:21  Hydralisk x5  
  145  7:26  Drone x2  
  145  7:27  Drone  
  145  7:28  Drone x2  
  150  7:30  Overlord  
  150  7:32  Overlord  
  150  7:35  Lurker x2  
  152  7:38  Lurker x2  
  152  7:42  Muscular Augments  
  152  7:43  Zergling x4  
  156  7:48  Zergling x2  
  156  7:49  Zergling x10  
  162  8:06  Hydralisk x8  
  162  8:12  Overlord  
  178  8:19  Overlord, Hydralisk x4  
  180  8:22  Hydralisk  
  180  8:23  Hydralisk  
  180  8:24  Lurker  
  180  8:25  Lurker  
  192  8:28  Overlord  
  192  8:29  Overlord  
  192  8:35  Lurker x3  
  192  8:38  Zergling x10  
  177  8:49  Hydralisk x5  
  177  8:52  Lurker  
  177  8:53  Lurker  
  185  8:55  Zergling x6  
  185  8:56  Zergling x4  
  185  9:02  Zergling x6  
  191  9:03  Zergling x4  
  191  9:09  Zergling x2  
  179  9:10  Zergling x6  
Show
View Real Time Build Order
Export as new Build Order

ShoWTimE Protoss 

Build Orders: 1 Gate Expand, Oracle Opening 

Get SALT Encoding   

  12  0:00  Probe (Chrono Boost)  
  13  0:11  Probe (Chrono Boost)  
  14  0:19  Pylon  
  14  0:23  Probe (Chrono Boost)  
  15  0:37  Probe (Chrono Boost)  
  15  0:41  Gateway  
  16  0:48  Probe (Chrono Boost)  
  17  0:52  Assimilator  
  17  0:58  Probe (Chrono Boost)  
  18  1:09  Probe (Chrono Boost)  
  19  1:24  Nexus  
  19  1:26  Probe (Chrono Boost)  
  20  1:37  Cybernetics Core  
  20  1:40  Probe (Chrono Boost)  
  21  1:47  Assimilator  
  21  1:50  Probe (Chrono Boost)  
  22  1:56  Pylon  
  23  2:01  Probe (Chrono Boost)  
  23  2:11  Adept  
  23  2:13  Warp Gate  
  26  2:16  Probe (Chrono Boost)  
  26  2:28  Probe (Chrono Boost)  
  27  2:36  Zealot, Stargate  
  27  2:38  Probe (Chrono Boost)  
  27  2:40  Probe (Chrono Boost)  
  31  2:48  Probe (Chrono Boost)  
  33  2:53  Probe (Chrono Boost)  
  33  2:55  Pylon  
  33  2:59  Probe (Chrono Boost)  
  33  3:04  Mothership Core (Chrono Boost)  
  36  3:09  Probe (Chrono Boost)  
  37  3:15  Gateway  
  37  3:18  Oracle  
  38  3:20  Probe (Chrono Boost)  
  38  3:23  Probe (Chrono Boost)  
  42  3:28  Gateway  
  42  3:30  Probe (Chrono Boost)  
  44  3:35  Probe (Chrono Boost)  
  44  3:41  Probe (Chrono Boost)  
  45  3:46  Pylon  
  45  3:48  Probe (Chrono Boost)  
  46  3:51  Oracle, Probe (Chrono Boost)  
  47  4:00  Probe (Chrono Boost)  
  47  4:02  Probe (Chrono Boost)  
  52  4:10  Nexus  
  52  4:13  Pylon  
  52  4:14  Probe (Chrono Boost)  
  52  4:15  Probe (Chrono Boost)  
  53  4:25  Adept x3, Probe (Chrono Boost)  
  61  4:32  Probe (Chrono Boost)  
  61  4:35  Assimilator  
  61  4:37  Assimilator  
  61  4:40  Pylon, Probe (Chrono Boost)  
  61  4:42  Twilight Council  
  61  4:44  Probe (Chrono Boost)  
  63  4:47  Forge  
  63  4:50  Probe (Chrono Boost)  
  64  4:56  Probe (Chrono Boost)  
  65  5:01  Probe (Chrono Boost)  
  67  5:08  Probe (Chrono Boost)  
  67  5:11  Sentry x2, Probe (Chrono Boost)  
  67  5:12  Sentry  
  74  5:17  Pylon  
  74  5:20  Probe (Chrono Boost)  
  74  5:21  Blink  
  75  5:22  Robotics Facility, Probe (Chrono Boost)  
  75  5:23  Probe (Chrono Boost)  
  77  5:30  Gateway  
  77  5:31  Gateway  
  77  5:32  Probe (Chrono Boost)  
  77  5:33  Probe (Chrono Boost), Protoss Ground Weapons Level 1  
  77  5:34  Gateway  
  77  5:35  Probe (Chrono Boost)  
  80  5:44  Probe (Chrono Boost)  
  80  5:45  Probe (Chrono Boost)  
  80  5:49  Probe (Chrono Boost)  
  83  5:56  Gateway, Probe (Chrono Boost)  
  84  5:58  Gateway  
  84  6:02  Sentry  
  84  6:03  Zealot  
  89  6:05  Zealot, Probe (Chrono Boost)  
  89  6:09  Probe (Chrono Boost)  
  90  6:14  Warp Prism  
  91  6:26  Zealot x2  
  91  6:27  Probe (Chrono Boost)  
  91  6:28  Zealot x2, Sentry  
  99  6:34  Probe (Chrono Boost)  
  99  6:39  Sentry  
  101  6:46  Assimilator  
  101  6:48  Assimilator  
  101  6:49  Pylon  
  101  6:50  Pylon  
  101  7:01  Robotics Bay  
  101  7:04  Photon Cannon  
  101  7:05  Pylon  
  101  7:07  Observer, Probe (Chrono Boost)  
  105  7:08  Photon Cannon, Probe x2 (Chrono Boost)  
  105  7:09  Pylon  
  105  7:14  Stalker x2  
  109  7:19  Probe (Chrono Boost)  
  109  7:20  Pylon, Probe (Chrono Boost)  
  111  7:23  Stalker  
  111  7:29  Probe (Chrono Boost), Stalker x2  
  118  7:38  Probe (Chrono Boost)  
  118  7:39  Probe (Chrono Boost)  
  118  7:41  Robotics Facility  
  120  7:46  Stalker  
  120  7:47  Stalker  
  124  7:51  Stalker  
  124  7:52  Stalker  
  128  8:01  Disruptor  
  131  8:14  Zealot, Stalker x3  
  131  8:15  Zealot  
  141  8:22  Pylon  
  141  8:23  Pylon  
  141  8:24  Pylon  
  140  8:35  Pylon  
  140  8:36  Disruptor x2  
  132  9:06  Stalker x3  
  119  9:15  Zealot x2  
  119  9:16  Zealot x2  

Tags
 
Add a new tag
Caveats
  • Supply blocks, unpowered buildings, or Contaminate may cause inaccurate times.
  • Supply counts are checked every 10 seconds.